 Dungeon Crawl Stone Soup version 0.21.0-3-g78d12a8bdd (webtiles) character file.

3527 NullDivider the Covert (level 10, 0/72 HPs)
             Began as an Octopode Artificer on Jan 17, 2018.
             Was an Initiate of Nemelex Xobeh.
             Slain by a death knight
             ... wielding a +0 broad axe
              (8 damage)
             ... on level 8 of the Dungeon.
             The game lasted 00:49:51 (11779 turns).

NullDivider the Covert (Octopode Artificer)        Turns: 11779, Time: 00:49:51

Health: 0/72       AC:  1    Str: 12    XL:     10   Next: 8%
Magic:  24/24      EV: 18    Int: 17    God:    Nemelex Xobeh [......]
Gold:   575        SH:  0    Dex: 15    Spells: 9/9 levels left

rFire    . . .     SeeInvis .   G - +2 dagger (venom)
rCold    + . .     Gourm    .   (no shield)
rNeg     + . .     Faith    .   (helmet restricted)
rPois    .         Spirit   .   (no amulet)
rElec    .         Reflect  .   k - ring of magical power
rCorr    .         Harm     .   l - ring of positive energy
MR       .....                  g - +3 ring of intelligence
Stlth    +++++.....             q - ring of protection from cold
HPRegen  0.22/turn              (no ring)
MPRegen  0.19/turn              (no ring)
                                (no ring)
                                (no ring)

@: slowed, very slow
A: almost no armour, stealthy swim, amphibious, 8 rings, constrict 8, camouflage
1, gelatinous body 1
a: Renounce Religion


You were on level 8 of the Dungeon.
You worshipped Nemelex Xobeh.
Nemelex Xobeh was noncommittal.
You were not hungry.

You visited 2 branches of the dungeon, and saw 9 of its levels.

You collected 575 gold pieces.

Inventory:

Hand Weapons
 u - a +1 falchion of flaming
 G - a +2 dagger of venom (weapon)
Jewellery
 g - a +3 ring of intelligence (on tentacle)
 k - a ring of magical power (left tentacle)
 l - a ring of positive energy (right tentacle)
 q - a ring of protection from cold (on tentacle)
Wands
 a - a wand of scattershot (3)
 b - a wand of flame (1)
 c - a wand of enslavement (8)
 d - a wand of random effects (38)
 x - a wand of acid (8)
Scrolls
 e - 3 scrolls of remove curse
 j - 4 scrolls of identify
 m - 3 scrolls of teleportation
 p - 2 scrolls of enchant weapon
 r - 4 scrolls of enchant armour
 t - a scroll of immolation {unknown}
 v - a scroll of fear {unknown}
 z - a scroll of fog {unknown}
 C - 2 scrolls of magic mapping
 D - a scroll of random uselessness {unknown}
Potions
 h - a potion of heal wounds {unknown}
 i - a potion of mutation {unknown}
 n - a potion of invisibility {unknown}
 o - 2 potions of curing
 s - 2 potions of cancellation {unknown}
 w - a potion of flight {unknown}
 E - a potion of agility {unknown}
 F - a potion of magic {unknown}
 J - a potion of might
Books
 y - a book of Changes

   Spells                             Type                      Level
   a - Beastly Appendage              Transmutation                1
   b - Sticks to Snakes               Transmutation                2
   c - Spider Form                    Transmutation/Poison         3
   d - Ice Form                       Ice/Transmutation            4
   e - Blade Hands                    Transmutation                5
 A - a book of Minor Magic

   Spells                             Type                      Level
   a - Magic Dart                     Conjuration                  1
   b - Blink                          Translocation                2
   c - Call Imp                       Summoning                    2
   d - Slow                           Hexes                        2
   e - Conjure Flame                  Conjuration/Fire             3
   f - Mephitic Cloud                 Conjuration/Poison/Air       3
 B - a book of Flames

   Spells                             Type                      Level
   a - Flame Tongue                   Conjuration/Fire             1
   b - Throw Flame                    Conjuration/Fire             2
   c - Conjure Flame                  Conjuration/Fire             3
   d - Inner Flame                    Hexes/Fire                   3
   e - Sticky Flame                   Conjuration/Fire             4
   f - Fireball                       Conjuration/Fire             5
 H - a book of Geomancy

   Spells                             Type                      Level
   a - Sandblast                      Earth                        1
   b - Passwall                       Transmutation/Earth          2
   c - Stone Arrow                    Conjuration/Earth            3
   d - Petrify                        Transmutation/Earth          4
   e - Lee's Rapid Deconstruction     Earth                        5
Miscellaneous
 L - a plain deck of destruction
Comestibles
 f - 20 rations


   Skills:
 * Level 7.8 Fighting
 + Level 5.4 Short Blades
 + Level 7.1 Dodging
 + Level 8.0 Stealth
 + Level 6.8 Evocations


You had 9 spell levels left.
You didn't know any spells.

Dungeon Overview and Level Annotations

Branches:
Dungeon (8/15)             Temple (1/1) D:7            Lair (0/6) D:8

Altars:
Ashenzari
Cheibriados
Dithmenos
Elyvilon
Fedhas
Gozag
Hepliaklqana
Kikubaaqudgha
Makhleb
Nemelex Xobeh
Okawaru
Qazlal
Ru
Sif Muna
Trog
Uskayaw
Vehumet
Wu Jian
Xom
Yredelemnul
The Shining One

Shops:
D:8 [

Annotations:
D:8 1 transporter


Innate Abilities, Weirdness & Mutations

You cannot wear most types of armour.
You are very stealthy in the water. (Stealth+)
You are amphibious.
You can wear up to eight rings at the same time.
You can use your tentacles to constrict eight enemies at once.
Your skin changes colour to match your surroundings (Stealth+).
Your rubbery body absorbs attacks. (AC +1, EV +1)


Message History

The wraith is moderately damaged.
Your wraith barely misses the wraith.
The death knight hits your wraith with a broad axe!
Your wraith is destroyed!
The wraith misses you.
Evoke which item? (* to show all) (? for menu, Esc to quit)
Aiming: Enslavement
Press: ? - help, Shift-Dir - straight line, f/p - wraith
Aim: a wraith (moderately damaged, slow, chance to defeat MR: 31%)
The wraith easily resists.
The death knight hits you with a broad axe!!
The wraith hits you.
* * * LOW HITPOINT WARNING * * *
The wraith drains your vigour!
You feel as though you will be slow longer.
The death knight hits you with a broad axe!
* * * LOW HITPOINT WARNING * * *
The death knight hits you with a broad axe!
You die...
Your body disappears without a glow.

###########################
##.....##..................#
##..............###.......###
#................##.########
#..........................#
#..........................#
........#############......#
#.......#........W..#.#..###
........#.......@p.)#.##.#
.#......#..###.###..#.##.###
.##.....#..#8#.#8#._#....>.#
.#####..#....p.....:#......#
.####..§#.....©....⌠#©.....#
....#...#..........:#......#
........#..#8#.#8#._#......#
##......#..###.###.$#.##..##
........#..........=#.##...#


You could see a death knight and a wraith.

Vanquished Creatures
  A shadow (D:6)
  A spriggan (D:8)
  A wyvern (D:8)
  3 porcupines (D:8)
  3 orc warriors
  2 ice beasts
  2 phantoms (D:4)
  4 ogres
  4 bullfrogs
  2 water moccasin zombies
  4 scorpions
  3 howler monkeys
  3 crimson imps
  5 hounds
  Crazy Yiuf (D:2)
  A jelly (D:7)
  2 centaur skeletons
  4 orc priests
  3 orc wizards
  A bullfrog skeleton (D:4)
  An iguana (D:6)
  Ijyb (D:5)
  5 worker ants
  A killer bee zombie (D:4)
  2 worker ant zombies
  Robin (D:4)
  7 adders
  10 gnolls
  A shadow imp (D:6)
  An ooze (D:5)
  3 worms
  2 adder skeletons (D:8)
  2 dart slugs
  6 leopard geckos
  14 orcs
  6 bats
  3 giant cockroaches
  12 goblins
  6 hobgoblins
  8 jackals
  4 quokkas
  4 ball pythons
  A ball python skeleton (D:4)
  8 frilled lizards
  A giant cockroach zombie (D:5)
  4 kobolds (D:3)
  A leopard gecko skeleton (D:4)
  A leopard gecko zombie (D:4)
  A quokka skeleton (D:5)
  12 rats
  A plant (D:2)
180 creatures vanquished.

Vanquished Creatures (collateral kills)
  An orc priest (D:6)
  4 orcs (D:6)
5 creatures vanquished.

Vanquished Creatures (others)
  A wraith (D:8)
  A gnoll (D:2)
  A fungus (D:8)
3 creatures vanquished.

Grand Total: 188 creatures vanquished

Notes
Turn   | Place    | Note
-------+----------+-------------------------------------------
     0 | D:1      | NullDivider the Octopode Artificer began the quest for the Orb.
     0 | D:1      | Reached XP level 1. HP: 13/13 MP: 3/3
   127 | D:1      | Reached XP level 2. HP: 18/18 MP: 4/4
   292 | D:1      | Reached skill level 2 in Stealth
   296 | D:1      | Reached XP level 3. HP: 19/23 MP: 5/5
  1200 | D:2      | Reached XP level 4. HP: 27/29 MP: 6/6
  1247 | D:2      | Found a runed door.
  1251 | D:2      | Noticed Crazy Yiuf
  1257 | D:2      | Killed Crazy Yiuf
  1855 | D:2      | Reached XP level 5. HP: 35/35 MP: 7/7
  2563 | D:3      | Reached skill level 3 in Stealth
  2780 | D:3      | Found a deep blue altar of Sif Muna.
  3314 | D:3      | Reached XP level 6. HP: 6/42 MP: 9/9
  3820 | D:4      | Noticed a phantom
  3830 | D:4      | Found a hazy altar of Hepliaklqana.
  3835 | D:4      | Noticed Robin
  3887 | D:4      | Killed Robin
  4708 | D:4      | Found an iron altar of Okawaru.
  4750 | D:4      | Noticed a phantom
  4784 | D:4      | Killed a phantom
  4784 | D:4      | Reached XP level 7. HP: 23/47 MP: 10/10
  4957 | D:4      | Reached skill level 4 in Stealth
  5693 | D:5      | Entered Level 5 of the Dungeon
  5762 | D:5      | Found a snail-covered altar of Cheibriados.
  5820 | D:5      | Found a shadowy altar of Dithmenos.
  6005 | D:5      | Noticed Ijyb
  6011 | D:5      | Killed Ijyb
  6011 | D:5      | Reached skill level 5 in Dodging
  6109 | D:5      | Reached XP level 8. HP: 50/54 MP: 11/11
  6444 | D:6      | Reached skill level 5 in Stealth
  6702 | D:5      | Reached skill level 5 in Evocations
  6856 | D:6      | Reached skill level 5 in Fighting
  7054 | D:6      | HP: 1/55 [orc priest/club (5)]
  7860 | D:6      | Found a bloodstained altar of Trog.
  7864 | D:6      | Found a sacrificial altar of Ru.
  8221 | D:6      | Reached skill level 6 in Stealth
  8221 | D:6      | Reached XP level 9. HP: 62/62 MP: 13/13
  8514 | D:6      | Found a radiant altar of Vehumet.
  9213 | D:7      | Found a staircase to the Ecumenical Temple.
  9235 | Temple   | Entered the Ecumenical Temple
  9254 | Temple   | Became a worshipper of Nemelex Xobeh the Trickster
 10020 | D:7      | Found a stormy altar of Qazlal.
 10261 | D:8      | Found an ancient bone altar of Kikubaaqudgha.
 10262 | D:8      | Noticed a death knight
 10263 | D:8      | Found a basalt altar of Yredelemnul.
 10265 | D:8      | Found a transporter.
 10289 | D:8      | Found a transporter.
 10295 | D:8      | Reached skill level 7 in Stealth
 10776 | D:8      | Reached skill level 5 in Short Blades
 11094 | D:8      | Received a gift from Nemelex Xobeh
 11287 | D:8      | Reached XP level 10. HP: 52/71 MP: 15/15
 11617 | D:8      | Found a staircase to the Lair.
 11645 | D:8      | Reached skill level 8 in Stealth
 11724 | D:8      | Found Aqiub's Armour Shop.
 11779 | D:8      | Slain by a death knight

Skill      XL: |  1  2  3  4  5  6  7  8  9 10 |
---------------+-------------------------------+-----
Stealth        | 2 3 4 6 7 8 |  8.0
Fighting       | 2 3 4 5 7 |  7.8
Dodging        | 3 4 5 6 7 |  7.1
Short Blades   | 2 3 4 5 |  5.4
Evocations     | 4 5 6 |  6.8

Action                   |  1- 3 |  4- 6 |  7- 9 | 10-12 || total
-------------------------+-------+-------+-------+-------++-------
Melee: Short sword       |    22 |   208 |   190 |       ||   420
       Constrict         |     9 |    54 |    51 |     6 ||   120
       Tentacles         |     5 |    38 |    66 |     7 ||   116
       Dagger            |     7 |       |    84 |    21 ||   112
       Falchion          |       |       |     9 |       ||     9
Evoke: Wand              |     2 |     5 |    19 |     3 ||    29
  Use: Scroll            |     2 |       |     5 |     1 ||     8
       Potion            |       |       |     1 |       ||     1
 Stab: Sleeping          |     4 |    14 |    16 |       ||    34
       Paralysed         |       |       |     2 |       ||     2
       Betrayed ally     |       |       |     1 |       ||     1
       Distracted        |       |       |     4 |     1 ||     5
  Eat: Chunk             |       |    12 |    14 |     1 ||    27
       Ration            |       |       |     2 |       ||     2
Armor: Skin              |     4 |     9 |    10 |       ||    23
Dodge: Dodged            |    16 |   118 |   154 |    16 ||   304
